 Dungeon Crawl Stone Soup version 0.31.0-12-g77e489cdc1 (webtiles) character file.

Game seed: 2578500787208529040

31402 Baz the Martial Artist (level 13, -4/121 HPs)
             Began as a Gnoll Shapeshifter on Feb 27, 2024.
             Was a Priest of Uskayaw.
             Slain by a seven-headed hydra (6 damage)
             ... on level 5 of the Lair of Beasts.
             The game lasted 00:31:57 (16225 turns).

Baz the Martial Artist (Gnoll Shapeshifter)        Turns: 16225, Time: 00:31:57

Health: -4/121     AC: 13    Str: 20    XL:     13   Next: 57%
Magic:  23/25      EV: 16    Int: 10    God:    Uskayaw [***...]
Gold:   1121       SH:  0    Dex: 21    Spells: 23/29 levels left

rFire   . .          .
                       - Unarmed
rCold   . . .        (shield currently unavailable)
rNeg    . . .        B - melded +3 scale mail {Will+}
rPois   +            y - melded +2 helmet "Uhuul Kecea" {Will+ Dex+4}
rElec   .            (cloak currently unavailable)
rCorr   .            (gloves currently unavailable)
SInv    .            P - melded +2 pair of boots {rampage}
Will    .....        S - amulet of magic regeneration
Stlth   ++++         W - +4 ring of protection
HPRegen 0.40/turn    O - +6 ring of dexterity
MPRegen 0.59/turn

%: no passive effects
@: snake-form
A: constrict, boosted hp, large, (fangs 1), strong nose, distributed training
a: Begin Untransformation, Renounce Religion, Stomp, Line Pass


You were on level 5 of the Lair of Beasts.
You worshipped Uskayaw.
Uskayaw was aware of your devotion.
You were an enormous serpent.
You visited 3 branches of the dungeon, and saw 16 of its levels.
You also visited: Bailey and Gauntlet.

You collected 1121 gold pieces.

Inventory:

Missiles
 R - 2 throwing nets (quivered)
Armour
 y - the +2 helmet "Uhuul Kecea" (melded) {Will+ Dex+4}
   (You found it on level 4 of the Dungeon)

   Dex+4:     It affects your dexterity (+4).
   Will+:     It increases your willpower.
 B - a +3 scale mail of willpower (melded)
 P - a +2 pair of boots of rampaging (melded)
Jewellery
 i - a ring of see invisible
 s - a ring of resist corrosion
 M - a ring of protection from cold
 O - a +6 ring of dexterity (right hand)
 S - an amulet of magic regeneration (around neck)
 T - a ring of magical power
 V - a ring of poison resistance
 W - a +4 ring of protection (left hand)
Talismans
 c - a beast talisman
 d - a flux talisman
 D - a serpent talisman (active)
 H - a maw talisman
 Y - a granite talisman
Wands
 b - a wand of flame (62)
 x - a wand of digging (1)
 z - a wand of charming (10)
 A - a wand of light (11)
 C - a wand of polymorph (11)
 F - a wand of iceblast (11)
Scrolls
 e - 5 scrolls of blinking {unknown}
 g - 3 scrolls of poison {unknown}
 j - a scroll of noise
 m - a scroll of silence
 o - 4 scrolls of fog {unknown}
 q - a scroll of fear
 t - 5 scrolls of teleportation {unknown}
 u - 3 scrolls of immolation {unknown}
 v - 3 scrolls of enchant weapon
 E - 2 scrolls of butterflies {unknown}
 G - 2 scrolls of revelation
 I - 3 scrolls of vulnerability {unknown}
 J - 4 scrolls of brand weapon {unknown}
 N - a scroll of enchant armour
 Q - 3 scrolls of amnesia {unknown}
 X - a scroll of torment {unknown}
Potions
 a - a potion of cancellation
 f - 4 potions of heal wounds
 h - 3 potions of curing
 k - 3 potions of enlightenment
 l - a potion of haste
 n - 2 potions of magic
 p - 3 potions of invisibility
 r - a potion of attraction
 w - 3 potions of mutation
 K - 2 potions of might
 L - 6 potions of lignification
 U - a potion of brilliance {unknown}
 Z - a potion of ambrosia


   Skills:
 + Level 9.1 Fighting
 + Level 8.7 Short Blades
 + Level 8.7 Long Blades
 + Level 8.7 Axes
 + Level 8.7 Maces & Flails
 + Level 8.7 Polearms
 + Level 8.7 Staves
 + Level 8.7 Ranged Weapons
 + Level 8.7 Throwing
 + Level 8.7 Armour
 + Level 9.9 Dodging
 + Level 8.7 Stealth
 + Level 8.7 Shields
 + Level 10.9 Unarmed Combat
 + Level 8.7 Spellcasting
 + Level 7.2 Conjurations
 + Level 7.2 Hexes
 + Level 7.2 Summonings
 + Level 7.2 Necromancy
 + Level 7.2 Translocations
 + Level 7.2 Fire Magic
 + Level 7.2 Ice Magic
 + Level 7.2 Air Magic
 + Level 7.2 Earth Magic
 + Level 7.2 Alchemy
 + Level 9.5 Invocations
 + Level 8.7 Evocations
 + Level 10.3 Shapeshifting


You had 23 spell levels left.
You knew the following spells:

 Your Spells              Type           Power      Damage    Failure   Level
a - Volatile Blastmotes   Fire/Tloc      36%        2d13      2%          3
b - Vampiric Draining     Necr           18%        2d7       2%          3

Your spell library contained the following spells:

 Spells                   Type           Power      Damage    Failure   Level
 Freeze                   Ice            72%        1d8       1%          1
 Sandblast                Erth           36%        2d10      1%          1
 Slow                     Hex            72%        N/A       1%          1
 Summon Small Mammal      Summ           72%        N/A       1%          1
 Call Canine Familiar     Summ           18%        N/A       2%          3
 Confusing Touch          Hex            18%        N/A       2%          3
 Frozen Ramparts          Ice            36%        1d6       2%          3
 Hailstorm                Conj/Ice       18%        3d7       2%          3
 Passwall                 Erth           18%        N/A       2%          3
 Sigil of Binding         Hex            18%        N/A       2%          3
 Stone Arrow              Conj/Erth      36%        3d9       2%          3
 Brom's Barrelling Bould  Conj/Erth      18%        2d4       8%          4
 Fulminant Prism          Conj/Alch      9%         3d7       8%          4
 Iskenderun's Mystic Bla  Conj/Tloc      18%        2d6       8%          4
 Leda's Liquefaction      Alch/Erth      9%         N/A       8%          4
 Olgreb's Toxic Radiance  Alch           18%        N/A       8%          4
 Summon Blazeheart Golem  Fire/Summ      18%        N/A       8%          4
 Lee's Rapid Deconstruct  Erth           9%         3d7*      22%         5
 Bombard                  Conj/Erth      9%         9d2       77%         6
 Ozocubu's Refrigeration  Ice            9%         4d9       100%        7
 Discord                  Hex            9%         N/A       100%        8


Dungeon Overview and Level Annotations

Branches:
Dungeon (10/15)            Temple (1/1) D:7            Lair (5/5) D:9
  Swamp (0/4) Lair:2        Snake (0/4) Lair:2        Slime (0/5) Lair:4
 Bailey (visited)         Gauntlet (visited)
    Orc: D:9-12

Altars:
Cheibriados
Dithmenos
Elyvilon
Fedhas
Gozag
Hepliaklqana
Kikubaaqudgha
Makhleb
Nemelex Xobeh
Okawaru
Qazlal
Ru
Sif Muna
Trog
Uskayaw
Vehumet
Wu Jian
Xom
Yredelemnul
Zin
The Shining One

Annotations:
D:4 4 runed translucent doors
Lair:2 2 transporters, nitefall's ghost, journeyman MiBe


Innate Abilities, Weirdness & Mutations

You are an enormous serpent.
You have a powerful constriction melee attack.
Your maximum health is increased.
Your armour is entirely melded.
You are incapable of wielding weapons or throwing items.
((You have very sharp teeth.))
Your uncanny sense of smell can sniff out nearby items.
Your experience applies equally to all skills.


Message History

The polar bear bites you! The polar bear barely misses you.
The polar bear claws you.
You barely miss the polar bear. You constrict the polar bear.
You lash the polar bear!
The polar bear is moderately wounded.
You constrict the polar bear.
The wyvern is no longer paralysed.
The elephant is no longer paralysed.
The polar bear bites you.
The polar bear claws you but does no damage.
The polar bear claws you.
Uskayaw will force your foes to share their pain.
Uskayaw links your audience in an emotional bond!
You stomp with the beat, sending a shockwave through the revellers around you!
The seven-headed hydra is moderately wounded.
The polar bear is almost dead.
You constrict the polar bear.
You kill the elephant!
You kill the polar bear!
The seven-headed hydra bites you. x2
* * * LOW HITPOINT WARNING * * *
The seven-headed hydra misses you.
The seven-headed hydra closely misses you.
The seven-headed hydra barely misses you.
The seven-headed hydra closely misses you.
The seven-headed hydra barely misses you.
The wyvern closely misses you.
Unknown command.
Unknown command.
You lash the seven-headed hydra!
The seven-headed hydra is severely wounded.
The wyvern bites you!
* * * LOW HITPOINT WARNING * * *
The seven-headed hydra bites you.
* * * LOW HITPOINT WARNING * * *
The seven-headed hydra bites you!
* * * LOW HITPOINT WARNING * * *
The seven-headed hydra bites you!
* * * LOW HITPOINT WARNING * * *
The seven-headed hydra bites you but does no damage.
The seven-headed hydra closely misses you. x2
The seven-headed hydra bites you.
You die...

.~#~#D~# ~~~~.~##. ##
~###~#~~~~. . ~
~~~~~~~~~ ~#
PP##~.~#~~# ..#
~P~#~P~#~~##~#
~.~~.~(†..~.#
.#..#.k#DPP#
#....#S#### #..#.###
###...# ##.## ∆
#..#### ∆ .###
####..##.###
..P.P##..#.......##P..
.......<..............
..............†.......


You could see a seven-headed hydra (pain bonded) and a wyvern.

Vanquished Creatures
  A minotaur (Gauntlet)
  Josephine (Lair:4)
  2 hydras
  A boulder beetle (D:9)
  A catoblepas (Lair:3)
  2 skysharks (Lair:2)
  A wretched star (Gauntlet)
  A soul eater (Gauntlet)
  Pikel (D:5)
  A deep elf pyromancer (Bailey)
  An orc knight (Bailey)
  10 elephants
  3 black mambas (Lair:2)
  7 cane toads
  Jeremiah (D:9)
  Maggie (D:7)
  2 komodo dragons
  4 rime drakes
  An ice devil (Gauntlet)
  2 polar bears
  Grinder (D:5)
  Prince Ribbit (D:6)
  4 blink frogs (Lair:1)
  Sigmund (D:4)
  A vampire (D:9)
  6 spriggans (Lair:2)
  Eustachio (D:4)
  19 yaks
  3 wraiths (Lair:4)
  5 wyverns
  2 basilisks (Lair:3)
  A steam dragon (Lair:2)
  Menkaure (D:4)
  9 water moccasins
  Duvessa (D:6)
  2 nagas (Lair:2)
  2 sky beasts (D:7)
  7 orc warriors
  3 ogres
  2 black bears
  3 small abominations (Gauntlet)
  21 wolves
  4 centaurs
  2 lemures (D:4)
  2 kobold brigands
  14 bullfrogs
  2 scorpions (D:5)
  11 wights
  Dowan (D:6)
  18 killer bees
  A howler monkey (D:8)
  2 bombardier beetles (D:7)
  A hound (D:4)
  5 jellies
  Crazy Yiuf (D:5)
  4 orc priests
  3 iguanas
  Ijyb (D:3)
  A sleepcap (D:4)
  A gnoll bouda (D:9)
  3 orc wizards (D:9)
  5 gnolls (D:9)
  9 adders
  4 shadow imps (Gauntlet)
  3 white imps
  2 ufetubi (D:5)
  4 ribbon worms
  33 orcs
  10 ball pythons
  7 endoplasms
  3 giant cockroaches
  10 goblins
  4 hobgoblins
  6 jackals
  5 quokkas
  5 bats
  2 frilled lizards (D:3)
  18 kobolds
  4 rats
351 creatures vanquished.

Notes
Turn   | Place    | Note
-------+----------+-------------------------------------------
     0 | D:1      | Baz the Gnoll Shapeshifter began the quest for the Orb.
     0 | D:1      | Reached XP level 1. HP: 17/17 MP: 1/1
   158 | D:1      | Reached XP level 2. HP: 23/23 MP: 2/2
   681 | D:1      | Reached XP level 3. HP: 28/28 MP: 3/3
  1021 | D:2      | Reached skill level 1 in Invocations
  1445 | D:2      | You fall into a shaft and drop 1 floor!
  1470 | D:3      | Reached skill level 1 in Short Blades
  1470 | D:3      | Reached skill level 1 in Long Blades
  1470 | D:3      | Reached skill level 1 in Axes
  1470 | D:3      | Reached skill level 1 in Maces & Flails
  1470 | D:3      | Reached skill level 1 in Polearms
  1470 | D:3      | Reached skill level 1 in Staves
  1470 | D:3      | Reached skill level 1 in Ranged Weapons
  1470 | D:3      | Reached skill level 1 in Throwing
  1470 | D:3      | Reached skill level 1 in Armour
  1470 | D:3      | Reached skill level 1 in Stealth
  1470 | D:3      | Reached skill level 1 in Shields
  1470 | D:3      | Reached skill level 1 in Spellcasting
  1470 | D:3      | Reached skill level 1 in Evocations
  1514 | D:3      | Found a sparkling altar of Nemelex Xobeh.
  1668 | D:3      | Reached XP level 4. HP: 34/34 MP: 5/5
  1742 | D:3      | Reached skill level 1 in Conjurations
  1742 | D:3      | Reached skill level 1 in Hexes
  1742 | D:3      | Reached skill level 1 in Summonings
  1742 | D:3      | Reached skill level 1 in Necromancy
  1742 | D:3      | Reached skill level 1 in Translocations
  1742 | D:3      | Reached skill level 1 in Fire Magic
  1742 | D:3      | Reached skill level 1 in Ice Magic
  1742 | D:3      | Reached skill level 1 in Air Magic
  1742 | D:3      | Reached skill level 1 in Earth Magic
  1742 | D:3      | Reached skill level 1 in Alchemy
  1849 | D:3      | Found a radiant altar of Vehumet.
  1925 | D:3      | Noticed Ijyb
  2205 | D:4      | Reached XP level 5. HP: 30/40 MP: 7/7
  2214 | D:4      | Noticed Eustachio
  2298 | D:4      | HP: 1/40 [river rat[Eustachio] (7)]
  2333 | D:4      | Killed Eustachio
  2334 | D:4      | Reached skill level 5 in Dodging
  2334 | D:4      | Reached XP level 6. HP: 33/47 MP: 7/9
  2436 | D:4      | Found an ornate altar of the Wu Jian Council.
  2515 | D:4      | Noticed Sigmund
  2527 | D:4      | Killed Sigmund
  2528 | D:4      | Reached XP level 7. HP: 51/52 MP: 10/10
  2560 | D:4      | Noticed Menkaure
  2566 | D:4      | Killed Menkaure
  2632 | D:4      | Learned a level 3 spell: Volatile Blastmotes
  2842 | D:4      | Found an opulent altar of Gozag.
  2892 | D:4      | Found a large runed translucent door.
  2892 | D:4      | Found a large runed translucent door.
  2897 | D:4      | Noticed a wyvern
  3030 | D:4      | Identified the +2 helmet "Uhuul Kecea" {Will+ Dex+4}
  3051 | D:4      | Found a large runed translucent door.
  3051 | D:4      | Found a large runed translucent door.
  3320 | D:4      | Found a glowing silver altar of Zin.
  3570 | D:3      | Killed Ijyb
  3669 | D:5      | Entered Level 5 of the Dungeon
  3669 | D:5      | Noticed Pikel
  3824 | D:5      | Noticed Grinder
  3837 | D:5      | Paralysed by Grinder for 3 turns
  3987 | D:5      | Killed Grinder
  3988 | D:5      | Reached XP level 8. HP: 54/60 MP: 12/12
  4107 | D:5      | Killed Pikel
  4132 | D:5      | Found a runed translucent door.
  4133 | D:5      | Noticed Crazy Yiuf
  4139 | D:5      | Killed Crazy Yiuf
  4314 | D:5      | Reached XP level 9. HP: 63/67 MP: 14/14
  4536 | D:5      | Reached skill level 5 in Fighting
  4822 | D:6      | Noticed Duvessa
  4823 | D:6      | Noticed Dowan
  4837 | D:6      | Killed Duvessa
  4844 | D:6      | Killed Dowan
  5002 | D:6      | Found an iron altar of Okawaru.
  5096 | D:6      | Noticed Prince Ribbit
  5102 | D:6      | Killed Prince Ribbit
  5103 | D:6      | Reached skill level 5 in Invocations
  5694 | D:7      | Found a flagged portal.
  5767 | Bailey   | Entered a bailey
  5945 | Bailey   | Reached skill level 5 in Short Blades
  5945 | Bailey   | Reached skill level 5 in Long Blades
  5945 | Bailey   | Reached skill level 5 in Axes
  5945 | Bailey   | Reached skill level 5 in Maces & Flails
  5945 | Bailey   | Reached skill level 5 in Polearms
  5945 | Bailey   | Reached skill level 5 in Staves
  5945 | Bailey   | Reached skill level 5 in Ranged Weapons
  5945 | Bailey   | Reached skill level 5 in Throwing
  5945 | Bailey   | Reached skill level 5 in Armour
  5945 | Bailey   | Reached skill level 5 in Stealth
  5945 | Bailey   | Reached skill level 5 in Shields
  5945 | Bailey   | Reached skill level 5 in Spellcasting
  5945 | Bailey   | Reached skill level 5 in Evocations
  5945 | Bailey   | Reached XP level 10. HP: 60/76 MP: 17/17
  6221 | Bailey   | Noticed an orc knight
  6241 | Bailey   | Killed an orc knight
  6472 | Bailey   | Found a large runed translucent door.
  6472 | Bailey   | Found a large runed translucent door.
  6473 | Bailey   | Noticed a deep elf pyromancer
  6544 | Bailey   | Killed a deep elf pyromancer
  7002 | D:7      | Found a sacrificial altar of Ru.
  7050 | D:7      | Noticed Maggie
  7063 | D:7      | Killed Maggie
  7286 | D:7      | Found a staircase to the Ecumenical Temple.
  7295 | Temple   | Entered the Ecumenical Temple
  7366 | Temple   | Became a worshipper of Uskayaw the Reveller
  7706 | D:8      | Reached * piety under Uskayaw
  7709 | D:8      | Reached ** piety under Uskayaw
  7824 | D:8      | Reached *** piety under Uskayaw
  7836 | D:8      | Reached **** piety under Uskayaw
  7840 | D:8      | Reached ***** piety under Uskayaw
  7975 | D:8      | Reached skill level 5 in Conjurations
  7975 | D:8      | Reached skill level 5 in Hexes
  7975 | D:8      | Reached skill level 5 in Summonings
  7975 | D:8      | Reached skill level 5 in Necromancy
  7975 | D:8      | Reached skill level 5 in Translocations
  7975 | D:8      | Reached skill level 5 in Fire Magic
  7975 | D:8      | Reached skill level 5 in Ice Magic
  7975 | D:8      | Reached skill level 5 in Air Magic
  7975 | D:8      | Reached skill level 5 in Earth Magic
  7975 | D:8      | Reached skill level 5 in Alchemy
  8327 | D:8      | Reached XP level 11. HP: 83/83 MP: 20/20
  9043 | D:9      | Found a staircase to the Lair.
  9047 | D:9      | Noticed Jeremiah
  9096 | D:9      | Killed Jeremiah
  9309 | D:9      | Identified the +2 quarterstaff of the Spider Nest {protect,
                  | rF++ Int+3 Dex+4}
  9686 | D:9      | Noticed a boulder beetle
  9712 | D:9      | Killed a boulder beetle
  9898 | D:9      | Found a hazy altar of Hepliaklqana.
 10123 | Lair:1   | Entered Level 1 of the Lair of Beasts
 11028 | D:10     | Entered Level 10 of the Dungeon
 11061 | Lair:2   | Noticed a skyshark
 11103 | Lair:2   | Killed a skyshark
 11349 | Lair:2   | Reached XP level 12. HP: 78/91 MP: 22/22
 11354 | Lair:2   | Found a staircase to the Snake Pit.
 11560 | Lair:2   | Learned a level 3 spell: Vampiric Draining
 11601 | Lair:2   | Found a staircase to the Swamp.
 11626 | Lair:2   | Found a transporter.
 11631 | Lair:2   | Found a bloodstained altar of Trog.
 11632 | Lair:2   | Found a transporter.
 11662 | Lair:2   | Noticed nitefall's ghost (journeyman MiBe)
 11778 | Lair:2   | Noticed a skyshark
 11791 | Lair:2   | Reached skill level 10 in Unarmed Combat
 11799 | Lair:2   | Killed a skyshark
 12335 | Lair:2   | Noticed a seven-headed hydra
 12343 | Lair:2   | Killed a seven-headed hydra
 12682 | Lair:3   | Noticed a catoblepas
 12692 | Lair:3   | Killed a catoblepas
 13366 | Lair:3   | Reached XP level 13. HP: 99/99 MP: 25/25
 13367 | Lair:3   | Reached skill level 10 in Shapeshifting
 14211 | Lair:4   | Identified the +4 chain mail of Idealism {rCorr Dex+2
                  | Slay-3}
 14286 | Lair:4   | Found a gate leading to a gauntlet.
 14295 | Gauntlet | Entered a Gauntlet
 14295 | Gauntlet | Found a transporter.
 14299 | Gauntlet | Found a transporter.
 14300 | Gauntlet | Found a transporter.
 14316 | Gauntlet | Found a transporter.
 14427 | Gauntlet | Found a transporter.
 14427 | Gauntlet | Found a transporter.
 14428 | Gauntlet | Found a runed translucent door.
 14429 | Gauntlet | Found a transporter.
 14583 | Gauntlet | Found a transporter.
 14584 | Gauntlet | Found a transporter.
 14615 | Gauntlet | Noticed a reaper
 14617 | Gauntlet | Found a runed translucent door.
 14618 | Gauntlet | Found a transporter.
 14618 | Gauntlet | Found a transporter.
 14750 | Gauntlet | Noticed a minotaur
 14764 | Gauntlet | Killed a minotaur
 15017 | Gauntlet | Identified the +1 robe "Pappemni" {rElec}
 15202 | Lair:4   | Found a staircase to the Slime Pits.
 15511 | Lair:4   | Noticed Josephine
 15536 | Lair:4   | Killed Josephine
 16114 | Lair:5   | Entered Level 5 of the Lair of Beasts
 16225 | Lair:5   | HP: 2/121 [seven-headed hydra (7)]
 16225 | Lair:5   | Slain by a seven-headed hydra

Illustrated notes

Levels and vault maps discovered:
D:1:      onia_arrival_handbag, layout_loops_ring, minmay_tiny_reverse_x
D:2:      layout_loops_cross
D:3:      layout_basic, nicolae_vehumet_radiance, general_overflow_altar,
          uniq_ijyb
D:4:      layout_rooms, pdpol_temple_overflow_zin_treasury_gozag_greed,
          mainiacjoe_overflow_chevrons, minmay_hollow_rounded_squares,
          uniq_menkaure, uniq_eustachio, uniq_sigmund
D:5:      layout_basic, st_stairs_9, minmay_hedge_maze, uniq_grinder,
          uniq_pikel, uniq_crazy_yiuf_cottage
D:6:      layout_basic, mainiacjoe_overflow_concentric_impassable, uniq_duvessa,
          uniq_prince_ribbit1
D:7:      layout_cave_pods, kennysheep_mini, minmay_temple_entry_junction,
          enter_bailey_4, kennysheep_generic_room_12, uniq_maggie
D:8:      layout_loops_cross
D:9:      layout_roguey, old_standard_altar, dpeg_oklobed_lair,
          serial_bayou_pond_c, uniq_jeremiah
D:10:     layout_stronghold, mainiacjoe_overflow_tiny_flanked
Temple:   hellmonk_temple_forest_ring
Lair:1:   layout_gridlike
Lair:2:   kb_forest_paths, layout_regular_city, swamp_mist_pool,
          minmay_snake_entry_guardpost_small, gammafunk_ghost_wrathful_warriors
Lair:3:   layout_layer_cave, patterned_corridor
Lair:4:   layout_small_grid, slime_entry_1, serial_forest,
          infiniplex_forest_corner_1, infiniplex_forest_straight_2,
          infiniplex_forest_corner_1, infiniplex_forest_zigzag_1,
          infiniplex_forest_corner_2, infiniplex_forest_end_1,
          gauntlet_entry_generic, uniq_josephine
Lair:5:   gammafunk_lair_ancient_temple, layout_long_grid

Skill      XL: |  1  2  3  4  5  6  7  8  9 10 11 12 13 |
---------------+----------------------------------------+-----
Invocations    | 1 2 3 4 5 6 7 8 9 |  9.5
Short Blades   | 1 2 3 5 6 7 8 |  8.7
Long Blades    | 1 2 3 5 6 7 8 |  8.7
Axes           | 1 2 3 5 6 7 8 |  8.7
Maces & Flails | 1 2 3 5 6 7 8 |  8.7
Polearms       | 1 2 3 5 6 7 8 |  8.7
Staves         | 1 2 3 5 6 7 8 |  8.7
Ranged Weapons | 1 2 3 5 6 7 8 |  8.7
Throwing       | 1 2 3 5 6 7 8 |  8.7
Armour         | 1 2 3 5 6 7 8 |  8.7
Stealth        | 1 2 3 5 6 7 8 |  8.7
Shields        | 1 2 3 5 6 7 8 |  8.7
Spellcasting   | 1 2 3 5 6 7 8 |  8.7
Evocations     | 1 2 3 5 6 7 8 |  8.7
Conjurations   | 1 2 3 4 5 6 7 |  7.2
Hexes          | 1 2 3 4 5 6 7 |  7.2
Summonings     | 1 2 3 4 5 6 7 |  7.2
Necromancy     | 1 2 3 4 5 6 7 |  7.2
Translocations | 1 2 3 4 5 6 7 |  7.2
Fire Magic     | 1 2 3 4 5 6 7 |  7.2
Ice Magic      | 1 2 3 4 5 6 7 |  7.2
Air Magic      | 1 2 3 4 5 6 7 |  7.2
Earth Magic    | 1 2 3 4 5 6 7 |  7.2
Alchemy        | 1 2 3 4 5 6 7 |  7.2
Fighting       | 3 4 5 6 7 8 9 |  9.1
Dodging        | 5 6 7 8 9 |  9.9
Unarmed Combat | 7 8 9 10 | 10.9
Shapeshifting  | 7 8 9 10 | 10.3

Action                     |  1- 3 |  4- 6 |  7- 9 | 10-12 | 13-15 || total
---------------------------+-------+-------+-------+-------+-------++-------
  Melee: Unarmed           |    89 |   103 |   300 |   681 |   162 ||  1335
         Bite              |     4 |    11 |    42 |    67 |       ||   124
         Punch             |       |     2 |       |       |       ||     2
         Constrict         |       |       |       |    45 |    22 ||    67
 Invoke: Line Pass         |       |       |       |     4 |       ||     4
         Stomp             |       |       |       |     8 |     2 ||    10
  Evoke: Wand              |       |       |       |     6 |     3 ||     9
    Use: Potion            |       |     3 |       |       |       ||     3
         Scroll            |       |       |     9 |       |     8 ||    17
   Stab: Sleeping          |     3 |     1 |     1 |    13 |     3 ||    21
         Distracted        |     1 |       |       |       |       ||     1
         Paralysed         |       |       |       |    43 |    19 ||    62
         Petrified         |       |       |       |     4 |       ||     4
 Armour: Animal skin       |    17 |       |       |       |       ||    17
         Leather armour    |    11 |    35 |       |       |       ||    46
         Skin              |       |    72 |   120 |   315 |   121 ||   628
  Dodge: Dodged            |    50 |    80 |   306 |   581 |    90 ||  1107
   Form: Flux              |       |     1 |     1 |       |       ||     2
         Serpent           |       |       |     1 |     2 |       ||     3
                           |       |       |       |     1 |       ||     1
         Maw               |       |       |       |     1 |       ||     1
